Cogmind - Beta 16 @@@ ROGUE MODE // 2025.11.09 @ 12:29:07 Player: FrigidRock Result: Destroyed by S-27 Virus with Autogun Performance ------------- Evolutions (3) 1500 Regions Visited (10) 2000 Robots Destroyed (110) 550 Value Destroyed (5367) 5367 Prototype IDs (9) 180 Alien Tech Used (0) 0 Bonus (2483) 2483 TOTAL SCORE: 12080 Bonus ------- High Alert Combat Kills 97 Follower Combat Kills 577 Entered Garrisons 600 Used RIF Installer 1500 Friendly Fire -291 Cogmind --------- Core Integrity 0/700 Matter 138/300 Energy 99/100 System Corruption 13% Temperature Cool (0) Movement Core (50) Location -7/Garrison Parts ------- > --- POWER (1) -------- (None) > --- PROPULSION (5) --- (None) > --- UTILITY (3) ------ (None) > --- WEAPON (4) ------- (None) > --- INVENTORY (5) ---- Relay Coupler [NC] (30) Relay Coupler [Specialist] (22) Relay Coupler [Hunter] (13) Relay Coupler [Behemoth] (11) Remote Datajack Peak State ------------ > --- POWER ------------ Reinforced Deuterium Engine > --- PROPULSION ------- Aluminum Leg Light Armored Exoskeleton Flexi-carbon Leg Biometal Leg > --- UTILITY ---------- Large Storage Unit Improved Signal Interpreter Relay Coupler [Sentry] > --- WEAPON ----------- Cooled Pulse Rifle Heavy Linear Accelerator Remote Datajack > --- INVENTORY -------- Light Antimatter Reactor Aluminum Leg Improved Heat Sink Improved Terrain Scanner Improved Light Armor Plating Relay Coupler [NC] Relay Coupler [NC] Relay Coupler [NC] Relay Coupler [Sentry] Relay Coupler [Hunter] Relay Coupler [Hunter] Relay Coupler [Behemoth] Plasma Cannon Rocket Launcher Plasma Cutter [Rating: 63] Favorites ----------- Power Reinforced Deuterium Engine Engine Reinforced Deuterium Engine Reactor Light Antimatter Reactor Propulsion Aluminum Leg Leg Aluminum Leg Flight Unit Improved Flight Unit Utility Medium Storage Unit Device Seismic Detector Storage Medium Storage Unit Processor Improved Signal Interpreter Hackware Relay Coupler [NC] Protection Improved Light Armor Plating Weapon EM Shotgun Energy Gun EM Shotgun Energy Cannon Plasma Cannon Ballistic Gun Flak Gun Ballistic Cannon Heavy Linear Accelerator Launcher Rocket Launcher Special Weapon Remote Datajack Slashing Weapon Katana Special Melee Weapon Improved Datajack Build | -11 -10 -10 -9 -9 -9 -9 -7 -7 -7 -7 ------- Run | Yrd Mat Min Mat Sto Gar Rec Fac Gar Fac Gar Slots Evolved 6 | . . . 2 . . . 4 . . . Power . | . . . . . . . . . . . Propulsion 3 | . . . 1 . . . 2 . . . Utility 1 | . . . . . . . 1 . . . Weapon 2 | . . . 1 . . . 1 . . . Parts Attached 77 | 7 . 2 13 . 6 3 21 15 9 1 Power 6 | 1 . . 1 . . 2 1 . 1 . Engine 5 | 1 . . 1 . . 2 1 . . . Core . | . . . . . . . . . . . Reactor 1 | . . . . . . . . . 1 . Propulsion 18 | 2 . 1 2 . 3 . 4 4 1 1 Treads . | . . . . . . . . . . . Leg 17 | 2 . 1 1 . 3 . 4 4 1 1 Wheel . | . . . . . . . . . . . Hover . | . . . . . . . . . . . Flight 1 | . . . 1 . . . . . . . Utility 21 | 2 . . 2 . 1 1 4 8 3 . Device 4 | 1 . . . . . . 1 2 . . Storage 3 | 1 . . 1 . . . . 1 . . Processor 2 | . . . . . . . . 1 1 . Hackware 7 | . . . . . . 1 2 3 1 . Protection 5 | . . . 1 . 1 . 1 1 1 . Artifact . | . . . . . . . . . . . Weapon 32 | 2 . 1 8 . 2 . 12 3 4 . Energy Gun 13 | 1 . . 5 . 2 . 5 . . . Energy Cannon 4 | . . . 1 . . . 3 . . . Ballistic Gun 6 | 1 . . 2 . . . 1 1 1 . Ballistic Cannon 4 | . . . . . . . 1 1 2 . Launcher 1 | . . . . . . . 1 . . . Special Weapon 2 | . . . . . . . . 1 1 . Impact Weapon . | . . . . . . . . . . . Slashing Weapon 1 | . . 1 . . . . . . . . Piercing Weapon . | . . . . . . . . . . . Special Melee Weapon 1 | . . . . . . . 1 . . . Unidentified Prototypes 9 | . . . 5 . . . 4 . . . Corrupted Parts 3 | . . 2 . . . 1 . . . . System Corruption 13 | . . 11 . . . 2 . . . . Parts Lost 19 | . . . 1 . 2 1 5 2 4 4 Power 2 | . . . . . . . 2 . . . Propulsion 6 | . . . . . . . 2 1 1 2 Utility 1 | . . . . . . . 1 . . . Weapon 10 | . . . 1 . 2 1 . 1 3 2 Highest Loss Streak 4 | . . . 1 . 2 1 3 1 1 4 To Critical Strikes . | . . . . . . . . . . . Average Backups 10 | . 2 4 8 9 9 9 9 13 14 13 Power . | . . . . 1 1 . . . 1 . Propulsion . | . . . . 1 1 1 . . . . Utility 6 | . . 2 3 4 4 6 4 8 10 10 Weapon 2 | . 2 2 3 3 1 . 2 2 1 . Tool/Special . | . . . . . . . . . . . Unused Backups 18 | . . . 3 . . . 1 . 1 13 Power 2 | . . . 1 . . . . . . 1 Propulsion 1 | . . . . . . . . . . 1 Utility 12 | . . . . . . . . . 1 11 Weapon 3 | . . . 2 . . . 1 . . . Tool/Special . | . . . . . . . . . . . Average Slot Usage (%) 90 | . 100 99 98 91 94 100 86 82 84 83 Engine 8 | . 14 14 11 11 11 11 5 7 6 . Leg 29 | . 28 28 32 25 28 33 31 28 28 28 Device 2 | . 14 14 4 . . . . 4 . . Storage 9 | . 14 14 11 11 11 11 7 7 7 6 Processor 2 | . . . . . . . . 4 7 6 Hackware 2 | . . . . . . . 4 3 6 . Protection 4 | . . . 6 11 11 10 4 1 . 5 Energy Gun 17 | . 14 14 30 33 32 23 17 10 5 . Energy Cannon 1 | . . . . . . . 4 . 1 6 Ballistic Gun 1 | . 14 3 . . . . . . 2 5 Ballistic Cannon 3 | . . . . . . . 3 4 10 11 Special Weapon 1 | . . . . . . . . 6 3 1 Slashing Weapon 2 | . . 10 . . . 9 . . . . Peak Build Rating 63 | 7 7 11 22 20 19 21 48 63 63 59 Average Rating 34 | 5 7 10 18 17 17 19 36 52 58 51 On Entrance 24 | . 7 7 11 20 17 19 20 48 63 58 Avg Prop Armor Cover (%) 5 | . . . . . . . 5 . . 5 Naked Turns 10 | . . . . . . . . . . 10 Heaviest Build 74 | 15 15 15 30 30 30 30 62 72 74 60 Greatest Support 98 | 20 20 27 37 37 30 30 68 88 98 98 Greatest Overweight (x) 1 | . . . . 1 1 . 1 1 . . Average Overweight (x) . | . . . . . . . . . . . Largest Inventory Capacity 15 | 8 8 8 10 10 10 10 10 15 15 15 Average Capacity 11 | 5 8 8 9 10 10 10 10 14 15 14 Most Carried 15 | 2 4 5 10 9 10 10 10 15 15 15 Average Carried 10 | . 2 4 8 9 9 9 9 13 14 13 Final Capacity 15 | 8 8 8 10 10 10 10 10 15 15 5 Final Carried 15 | 2 4 5 9 9 10 10 9 15 14 5 Class Distribution -------------------- 25% | Bothacker-Gunner 16% | Tank 13% | Mutant 11% | Commander-Tank 11% | Commander-Mutant 8% | Bothacker-Tank 3% | Commander-Gunner 3% | Gunner Dominant Class ---------------- Mutant | -10/Materials Mutant | -10/Mines Tank | -9/Materials Tank | -9/Storage Tank | -9/Garrison Commander-Mutant | -9/Recycling Commander-Tank | -7/Factory Bothacker-Gunner | -7/Garrison Bothacker-Gunner | -7/Factory Bothacker-Tank | -7/Garrison Resources | -11 -10 -10 -9 -9 -9 -9 -7 -7 -7 -7 ----------- Run | Yrd Mat Min Mat Sto Gar Rec Fac Gar Fac Gar Matter Collected 2645 | 296 . 116 150 . 40 101 339 393 1108 102 Remotely . | . . . . . . . . . . . Salvage Created 3668 | 196 . 145 745 188 471 359 448 218 694 204 Parts 212 | 21 . 7 43 8 40 19 26 12 24 12 Haulers Intercepted 10 | . . . 5 . . . 2 . 3 . Recyclers Shooed 7 | . . . . . . 4 . . 3 . Parts Field Recycled . | . . . . . . . . . . . Retrieved Matter . | . . . . . . . . . . . Parts Self-Destructed . | . . . . . . . . . . . Prevented . | . . . . . . . . . . . Parts Restored . | . . . . . . . . . . . Kills | -11 -10 -10 -9 -9 -9 -9 -7 -7 -7 -7 ------- Run | Yrd Mat Min Mat Sto Gar Rec Fac Gar Fac Gar Combat Hostiles Destroyed 77 | . . 3 10 4 18 5 6 5 19 7 Melee 2 | . . 1 . . . 1 . . . . Guns 36 | . . 2 6 4 14 2 4 2 1 1 Cannons 26 | . . . . . . . 1 3 16 6 AOE 13 | . . . 4 . 4 2 1 . 2 . Classes Destroyed 15 | 2 . 3 6 . . 2 . 1 . 1 Worker 3 | . . . 1 . . 1 1 . . . Builder 3 | . . 1 . . . . . . 2 . Tunneler 6 | 5 . . . . . 1 . . . . Hauler 11 | . . . 5 . . . 2 . 4 . Recycler 4 | 1 . . . . . 1 . . 2 . Operator 2 | . . . 1 . . . 1 . . . Watcher 3 | . . . 2 . 1 . . . . . Swarmer 18 | . . 1 2 . 11 . . 1 2 1 Cutter 3 | . . . . . . . . . . 3 Grunt 39 | . . 2 6 2 7 . 5 3 11 3 Brawler 1 | . . . . . . . . . 1 . Duelist 2 | . . . 1 1 . . . . . . Protector 2 | . . . . . . 2 . . . . Sentry 8 | . . . 1 1 . 2 . 1 3 . Programmer 4 | . . . . . . 1 1 . 2 . Savage 1 | . . . . . . . . 1 . . Best Kill Streak 6 | 5 . 2 4 3 5 6 3 2 4 5 Combat Bots Only 5 | . . 2 3 3 4 4 3 2 3 5 Max Kills in Single Turn 4 | 1 . 1 2 1 4 4 2 2 2 1 Gunslinging 1 | . . . . . 1 . . . . . Exploded 2 | . . . 2 . 2 2 1 . 2 . Melee 1 | . . 1 . . . 1 . . . . Uniques/NPCs Destroyed . | . . . . . . . . . . . Combat | -11 -10 -10 -9 -9 -9 -9 -7 -7 -7 -7 -------- Run | Yrd Mat Min Mat Sto Gar Rec Fac Gar Fac Gar Hostile Shots Fired 564 | . . 21 14 14 31 13 119 64 179 109 Missed 172 | . . 7 4 4 9 . 50 27 51 20 Hits 392 | . . 14 10 10 22 13 69 37 128 89 Melee 17 | . . . . 2 . 1 . . 1 13 Projectile 375 | . . 14 10 8 22 12 69 37 127 76 AOE 1 | . . . . . . . . . . 1 Critical Strikes 14 | . . . . 2 . 3 . 1 2 6 Part Disruptions 1 | . . . . . . . . . . 1 Damage Taken 5015 | . . 181 174 174 287 267 748 420 1384 1380 Core 883 | . . 58 30 . 81 14 59 55 86 500 Absorbed by Shields 147 | . . . . . . . 110 10 . 27 Core Remaining (%) 81 | 100 . 76 . . . 68 . . . . Volleys Fired 256 | 12 . 8 28 6 24 7 32 27 94 18 Largest 4 | 2 . 2 3 3 3 3 4 3 4 4 Hottest 188 | 60 . 60 135 135 135 135 170 95 188 188 Shots Fired 547 | 24 . 17 81 18 70 17 62 45 173 40 Gun 356 | 24 . 17 81 18 70 17 45 26 54 4 Cannon 160 | . . . . . . . 10 12 102 36 Launcher 13 | . . . . . . . 7 2 4 . Special 18 | . . . . . . . . 5 13 . Kinetic 159 | 12 . 7 . . . . 10 12 90 28 Thermal 127 | . . . . . . . 28 21 66 12 Explosive 13 | . . . . . . . 7 2 4 . Electromagnetic 230 | 12 . 10 81 18 70 17 17 5 . . Robot Hit Streak 21 | 14 . 16 12 12 18 12 5 21 11 8 Robot Miss Streak 7 | 1 . 1 5 1 4 2 3 7 7 5 Penetration Max 1 | . . . . . . . . 1 . . Secondary Targets 8 | . . . 2 . 6 . . . . . Max Gunslinging Chain 2 | . . . 1 . 2 . . . . . Shots Hit Robots 339 | 14 . 16 61 13 36 17 37 24 100 21 Core Hits 189 | 6 . 6 37 11 29 14 16 13 41 16 Critical Kills . | . . . . . . . . . . . Critical Parts Destroyed . | . . . . . . . . . . . Critical Strikes 9 | 1 . . . . . . . 2 6 . Burn 4 | . . . . . . . . 2 2 . Blast 4 | . . . . . . . . . 4 . Corrupt 1 | 1 . . . . . . . . . . Melee Attacks 12 | . . 2 1 . . 4 5 . . . Impact . | . . . . . . . . . . . Slashing 7 | . . 2 1 . . 4 . . . . Piercing . | . . . . . . . . . . . Sneak Attacks 3 | . . . 1 . . . 2 . . . Combat Hostiles . | . . . . . . . . . . . Follow-up Attacks . | . . . . . . . . . . . Damage Inflicted 9561 | 194 . 235 1061 202 718 594 850 819 4265 623 Guns 3742 | 168 . 200 831 202 497 182 546 318 727 71 Cannons 3715 | . . . . . . . 105 310 2755 545 Explosions 1830 | 26 . . 166 . 221 285 179 191 762 . Melee 192 | . . 35 58 . . 99 . . . . Ramming 82 | . . . 6 . . 28 20 . 21 7 Kinetic 3578 | 63 . 90 . . . . 77 310 2606 432 Thermal 2298 | 26 . . 166 . 221 285 315 225 876 184 Explosive 1132 | . . . . . . . 179 191 762 . Electromagnetic 2279 | 105 . 110 831 202 497 182 259 93 . . Impact . | . . . . . . . . . . . Slashing 192 | . . 35 58 . . 99 . . . . Piercing . | . . . . . . . . . . . Highest Corruption 13 | . . 12 . . . 5 1 1 4 13 Average Corruption 3 | . . 11 . . . 3 1 1 1 5 Corruption Purged . | . . . . . . . . . . . Corruption Blocked . | . . . . . . . . . . . Effects 90 | . . 29 . . . 16 2 11 25 7 Message Errors 29 | . . 8 . . . 6 . 4 10 1 Matter Fused 20 | . . 9 . . . 4 1 3 3 . Heat Flow Errors 5 | . . 1 . . . 3 . . 1 . Energy Discharges 11 | . . 6 . . . 1 . 2 2 . Parts Rejected 2 | . . . . . . . . . 2 . Parts Fused 1 | . . . . . . . . . . 1 Data Loss (minor) 11 | . . 1 . . . 2 1 1 5 1 Data Loss (major) 5 | . . 1 . . . . . 1 1 2 Misfires 2 | . . 2 . . . . . . . . Alerts 3 | . . 1 . . . . . . 1 1 Misdirections 1 | . . . . . . . . . . 1 Overload Shots 3 | . . . . . . . 2 1 . . Overflow Damage 691 | 23 . . 32 . . 70 . 30 536 . Projectiles 489 | . . . . . . . . 7 482 . Explosions 171 | 23 . . 32 . . 39 . 23 54 . Melee 31 | . . . . . . 31 . . . . Knockbacks 20 | . . . . . . . . 1 16 3 Impact . | . . . . . . . . . . . Kinetic 15 | . . . . . . . . 1 11 3 Secondary 5 | . . . . . . . . . 5 . Self-Inflicted Damage 181 | . . . 59 . 39 39 . 41 . 3 Shots 5 | . . . 2 . 1 1 . 1 . . Rammed 2 | . . . . . . . . . . 2 Targets Rammed 13 | . . . 1 . . 6 2 . 2 2 Kicked 11 | . . . 1 . . 6 2 . 2 . Crushed . | . . . . . . . . . . . Highest Temperature 407 | . . 148 291 292 304 238 131 123 387 407 Average Temperature 92 | . . 48 92 120 90 78 50 34 96 176 Received Heat Transfer 1243 | . . 51 36 48 81 9 185 125 555 153 Effects 4 | . . . . . . . . . 4 . Shutdowns 1 | . . . . . . . . . 1 . Interference 3 | . . . . . . . . . 3 . Siege Activations . | . . . . . . . . . . . Martial Activations . | . . . . . . . . . . . Shielding Activations . | . . . . . . . . . . . Robots Disrupted 1 | . . . . . 1 . . . . . Combat Hostiles 1 | . . . . . 1 . . . . . Robots Corrupted 1 | . . . . . . . . . 1 . Combat Hostiles . | . . . . . . . . . . . Parts Fried 9 | . . . 6 . 1 . . . 2 . Impact Corruptions 1 | . . . . . . . . . 1 . Robots Melted . | . . . . . . . . . . . Combat Hostiles . | . . . . . . . . . . . Parts Melted 2 | . . . . . . 1 . 1 . . Heat Transferred 4229 | 50 . . 200 . 200 400 592 592 1845 350 Parts Sabotaged . | . . . . . . . . . . . Parts Stolen . | . . . . . . . . . . . Parts Stripped . | . . . . . . . . . . . Power Chain Reactions 7 | 1 . . 3 . 2 1 . . . . Alert | -11 -10 -10 -9 -9 -9 -9 -7 -7 -7 -7 ------- Run | Yrd Mat Min Mat Sto Gar Rec Fac Gar Fac Gar Maximum Alert Level 3 | . . . 1 . 3 2 2 2 1 1 Low Security (%) 35 | 100 100 100 64 100 14 17 . 2 44 35 Level 1 52 | . . . 35 . 47 70 72 76 55 64 Level 2 11 | . . . . . 28 12 27 21 . . Level 3 1 | . . . . . 9 . . . . . Level 4 . | . . . . . . . . . . . Level 5 . | . . . . . . . . . . . High Security . | . . . . . . . . . . . Max Security . | . . . . . . . . . . . Peak Influence 740 | 15 7 75 283 125 740 462 492 442 281 299 Initial 492 | . . . 26 45 68 333 492 148 231 158 Average 230 | 2 . 4 133 89 352 291 318 364 177 220 Influence Increases 4422 | 30 7 136 645 100 692 453 974 444 790 151 Destroy 0b10 Robot/C 1755 | . . 100 340 80 400 140 200 105 285 105 Destroy 0b10 Robot/NC 168 | 30 . 5 50 . 5 30 20 . 28 . Destroy Leader 294 | . . 20 94 20 20 . 54 . 78 8 Allied During Kill 212 | . . 11 30 . 20 35 102 14 . . Successful Hack 78 | . 7 . 17 . 14 5 24 . 11 . Select Force Hacks 270 | . . . 30 . . 240 . . . . Disable Machine 279 | . . . 45 . . . 30 . 204 . Anti-Garrison Action 490 | . . . . . 200 . . 252 . 38 Destroy Structure 276 | . . . 39 . 18 3 34 58 124 . Advance Influence 450 | . . . . . . . 450 . . . Lose Combat Pursuer 150 | . . . . . 15 . 60 15 60 . Influence Decreases 4153 | 30 7 67 605 104 57 1091 864 214 1005 109 Entered New Map 955 | . . . 43 64 37 407 60 64 211 69 Time Decay 1998 | 30 7 67 362 40 . 464 474 . 554 . Search Patrol Dispatched 100 | . . . . . . . 100 . . . Lost Part 190 | . . . 10 . 20 10 50 20 40 40 Lost Ally 460 | . . . 40 . . 60 180 130 50 . Purge Threat 450 | . . . 150 . . 150 . . 150 . Squads Dispatched 15 | . . . 5 1 . . 4 . 5 . Investigation 4 | . . . 4 . . . . . . . Extermination 4 | . . . . . . . 2 . 2 . Reinforcement 6 | . . . 1 . . . 2 . 3 . Assault . | . . . . . . . . . . . Garrison 1 | . . . . 1 . . . . . . Intercept . | . . . . . . . . . . . Searches Triggered 1 | . . . . . . . 1 . . . Construction Impeded 2 | . . . 1 . . . . . 1 . Haulers Reinforced . | . . . . . . . . . . . Active Scanning Responses . | . . . . . . . . . . . Cargo Convoy Interrupts . | . . . . . . . . . . . Alert ID Control Effect 7 | . . . . . . . 5 2 . . Stealth | -11 -10 -10 -9 -9 -9 -9 -7 -7 -7 -7 --------- Run | Yrd Mat Min Mat Sto Gar Rec Fac Gar Fac Gar Distress Signals 8 | . . . 3 . 1 . 2 1 1 . Communications Jammed . | . . . . . . . . . . . Distress Signals . | . . . . . . . . . . . Times Spotted 129 | . . 5 18 5 21 3 17 14 30 16 Peak Tracking Total 9 | . . 2 3 3 6 2 4 4 4 9 Tactical Retreats 9 | . . . . . 1 . 2 1 5 . Traps | -11 -10 -10 -9 -9 -9 -9 -7 -7 -7 -7 ------- Run | Yrd Mat Min Mat Sto Gar Rec Fac Gar Fac Gar Traps Triggered 13 | . . 1 1 . 5 . . 4 . 2 Indirectly . | . . . . . . . . . . . Trap Hack Attempts . | . . . . . . . . . . . Triggered . | . . . . . . . . . . . Disarmed . | . . . . . . . . . . . Reprogrammed . | . . . . . . . . . . . Reused . | . . . . . . . . . . . Traps Extracted . | . . . . . . . . . . . Installed . | . . . . . . . . . . . Triggered . | . . . . . . . . . . . Machines | -11 -10 -10 -9 -9 -9 -9 -7 -7 -7 -7 ---------- Run | Yrd Mat Min Mat Sto Gar Rec Fac Gar Fac Gar Machines Disabled 34 | . . . 3 . 4 . 2 7 17 1 Max in Single Turn 4 | . . . 3 . 1 . 1 2 4 1 Garrison Relay 10 | . . . . . 4 . . 5 . 1 Phase Generator 1 | . . . . . . . . 1 . . Machines Repaired . | . . . . . . . . . . . Machines Dismantled . | . . . . . . . . . . . Machines Sabotaged . | . . . . . . . . . . . Overloaded Fab Kills . | . . . . . . . . . . . Hacking | -11 -10 -10 -9 -9 -9 -9 -7 -7 -7 -7 --------- Run | Yrd Mat Min Mat Sto Gar Rec Fac Gar Fac Gar Machines Accessed 42 | . 1 1 9 2 3 13 6 2 5 . Terminals 23 | . 1 . 7 1 3 5 2 2 2 . Fabricators . | . . . . . . . . . . . Repair Stations . | . . . . . . . . . . . Recycling Units 10 | . . . 1 . . 8 1 . . . Scanalyzers 5 | . . . 1 . . . 2 . 2 . Garrison Access 3 | . . . . 1 . . 1 . 1 . Total Hacks 74 | . 2 1 26 2 4 20 7 4 8 . Successful 32 | . 2 1 7 2 1 13 2 . 4 . Failed 39 | . . . 18 . 3 6 5 4 3 . Catastrophic 8 | . . . 5 . 1 . 1 1 . . Database Lockouts 3 | . . . 1 . . 1 . . 1 . Manual 45 | . 2 . 19 . . 18 3 . 3 . Terminals 52 | . 2 . 22 1 4 12 3 4 4 . Fabricators . | . . . . . . . . . . . Repair Stations . | . . . . . . . . . . . Recycling Units 10 | . . . 1 . . 8 1 . . . Scanalyzers 8 | . . . 3 . . . 2 . 3 . Garrison Access 3 | . . . . 1 . . 1 . 1 . Terminal Hacks 7 | . 1 1 1 1 1 2 . . . . Part Schematic 1 | . . . . . . 1 . . . . Open Door 2 | . . 1 . 1 . . . . . . Branch Access Points 1 | . 1 . . . . . . . . . Unreport Threat 2 | . . . 1 . . 1 . . . . Garrison Registry 1 | . . . . . 1 . . . . . Fabricator Hacks . | . . . . . . . . . . . Repair Station Hacks . | . . . . . . . . . . . Recycling Unit Hacks . | . . . . . . . . . . . Scanalyzer 3 | . . . 1 . . . . . 2 . Retrieve Study 3 | . . . 1 . . . . . 2 . Garrison Access Hacks 3 | . . . . 1 . . 1 . 1 . Unlock Access 3 | . . . . 1 . . 1 . 1 . Unauthorized Hacks 19 | . 1 . 5 . . 11 1 . 1 . Terminals 10 | . 1 . 4 . . 3 1 . 1 . Botnet 5 | . 1 . 1 . . 1 1 . 1 . Skim 5 | . . . 3 . . 2 . . . . Fabricators . | . . . . . . . . . . . Repair Stations . | . . . . . . . . . . . Recycling Units 9 | . . . 1 . . 8 . . . . Tunnel 9 | . . . 1 . . 8 . . . . Scanalyzers . | . . . . . . . . . . . Garrison Access . | . . . . . . . . . . . Data Cores Recovered 2 | . . . 1 . . . 1 . . . Used 1 | . . . 1 . . . . . . . Hacking Detections 26 | . 1 . 8 2 2 4 4 2 3 . Full Trace Events 4 | . . . 3 . . 1 . . . . Feedback Events . | . . . . . . . . . . . Feedback Blocked . | . . . . . . . . . . . Robot Schematics Acquired . | . . . . . . . . . . . Robots Built . | . . . . . . . . . . . Authchips . | . . . . . . . . . . . Time . | . . . . . . . . . . . Total Robot Build Rating . | . . . . . . . . . . . Part Schematics Acquired 1 | . . . . . . 1 . . . . Parts Built . | . . . . . . . . . . . Authchips . | . . . . . . . . . . . Time . | . . . . . . . . . . . Total Part Build Rating . | . . . . . . . . . . . Part Studies Acquired 2 | . . . 1 . . . . . 1 . Parts Repaired . | . . . . . . . . . . . Time . | . . . . . . . . . . . Parts Recycled . | . . . . . . . . . . . Recycled Matter . | . . . . . . . . . . . Retrieved Matter . | . . . . . . . . . . . Retrieved Components . | . . . . . . . . . . . Parts Scanalyzed . | . . . . . . . . . . . Part Schematics Acquired . | . . . . . . . . . . . Parts Damaged . | . . . . . . . . . . . Bothacking | -11 -10 -10 -9 -9 -9 -9 -7 -7 -7 -7 ------------ Run | Yrd Mat Min Mat Sto Gar Rec Fac Gar Fac Gar Used RIF Installer 3 | . . . . . 2 . . 1 . . Threat Obfuscator 1 | . . . . . . . . 1 . . Alert ID Control 1 | . . . . . 1 . . . . . Robots Hacked 10 | . . . . . . . 2 4 4 . Non-combat 4 | . . . . . . . . . 4 . Combat 6 | . . . . . . . 2 4 . . Robot Hacks Applied 12 | . . . . . . . 3 4 5 . parse_system 2 | . . . . . . . . . 2 . map_walls 1 | . . . . . . . . . 1 . purge_threat 1 | . . . . . . . . . 1 . reboot_system 1 | . . . . . . . 1 . . . formatsys_low 1 | . . . . . . . . . 1 . formatsys_high 6 | . . . . . . . 2 4 . . Relay Couplers Released 42 | . . . . . 16 . . 21 . 5 Machine Destruction 42 | . . . . . 16 . . 21 . 5 Attached 6 | . . . . . . . 2 3 1 . Fabnet Peak Effective % . | . . . . . . . . . . . Robots Rewired 23 | . . . . . 1 22 . . . . Allies Hacked 1 | . . . . . . . . . 1 . Hacks Repelled . | . . . . . . . . . . . Allies | -11 -10 -10 -9 -9 -9 -9 -7 -7 -7 -7 -------- Run | Yrd Mat Min Mat Sto Gar Rec Fac Gar Fac Gar Total Allies 33 | . . 3 . . 1 22 2 4 1 . Largest Group 21 | . . 3 3 . 1 21 19 8 3 . Highest-Rated Group 270 | . . 40 40 . 15 259 270 162 74 . Highest-Rated Ally 32 | . . 16 16 . 15 27 32 32 32 . Total Orders 1 | . . . . . . . . . 1 . DROP 1 | . . . . . . . . . 1 . Ally Attacks 126 | . . 6 41 . 3 17 42 13 4 . Total Damage 1910 | . . 41 353 . 77 196 893 285 65 . Kills 28 | . . 2 8 . 2 4 9 3 . . Allies Corrupted 2 | . . . 1 . . . 1 . . . Allies Melted . | . . . . . . . . . . . Intel | -11 -10 -10 -9 -9 -9 -9 -7 -7 -7 -7 ------- Run | Yrd Mat Min Mat Sto Gar Rec Fac Gar Fac Gar Active Infowar (turns) 1873 | 46 54 922 352 . . . 91 408 . . Terrain 499 | . . . . . . . 91 408 . . Seismic 1374 | 46 54 922 352 . . . . . . . Robot Analysis Total . | . . . . . . . . . . . Derelict Logs Recovered 3 | . . 3 . . . . . . . . Drone Launches . | . . . . . . . . . . . Drone Recoveries . | . . . . . . . . . . . Exploration | -11 -10 -10 -9 -9 -9 -9 -7 -7 -7 -7 ------------- Run | Yrd Mat Min Mat Sto Gar Rec Fac Gar Fac Gar Turns Passed 8628 | 135 54 922 831 87 940 1174 1213 1169 1891 212 Spaces Moved 4804 | 76 44 277 551 35 554 734 761 684 964 124 Core 22 | 6 . . . . . . . . . 16 Treads . | . . . . . . . . . . . Legs 4782 | 70 44 277 551 35 554 734 761 684 964 108 Wheels . | . . . . . . . . . . . Hover . | . . . . . . . . . . . Flight . | . . . . . . . . . . . Fastest Speed 50 | 50 120 120 123 123 120 120 120 122 118 50 Average Speed 128 | 114 120 121 123 165 144 120 130 146 120 111 Slowest Speed 209 | 120 120 125 123 190 190 120 190 209 122 121 Overloaded Moves . | . . . . . . . . . . . Propulsion Burnouts . | . . . . . . . . . . . Robots Hopped . | . . . . . . . . . . . Potential Cave-ins . | . . . . . . . . . . . Cave-ins Triggered . | . . . . . . . . . . . Exploration Rate (%) 44 | 4 11 75 61 9 79 94 27 88 19 26 Regions Visited 10 Branch Regions 3 Pre-discovered Areas 10 | . . 1 1 . . 8 . . . . Known Exits Taken 4 | . 1 . . 1 . . 1 . 1 . Unknown Exits Taken 4 | 1 . 1 1 . . 1 . . . . Scrap Searched 2 | . . 2 . . . . . . . . Spaces Dug 28 | . . . . . . . 24 . 4 . Terrain Destroyed 324 | 1 . . 44 . 3 2 32 90 152 . Melee . | . . . . . . . . . . . Projectile 35 | . . . . . . . 6 6 23 . AOE 289 | 1 . . 44 . 3 2 26 84 129 . Terrain Rammed . | . . . . . . . . . . . Walls Destroyed . | . . . . . . . . . . . Machines Disabled . | . . . . . . . . . . . Actions | -11 -10 -10 -9 -9 -9 -9 -7 -7 -7 -7 --------- Run | Yrd Mat Min Mat Sto Gar Rec Fac Gar Fac Gar Total 6736 | 96 45 842 643 50 643 1005 923 806 1519 164 Wait 1188 | . . 554 24 9 16 29 80 42 432 2 Move 4794 | 75 43 276 550 35 552 733 760 682 964 124 Hop . | . . . . . . . . . . . Pick Up 46 | 2 2 . 8 . 7 2 4 11 5 5 Fast Attach 50 | 7 . 1 10 . . 3 15 7 5 2 Attach 24 | . . . 3 . 5 2 4 5 3 2 Detach 8 | . . . 4 . . . 2 2 . . Swap 31 | . . 1 2 . 1 . 7 7 9 4 Drop 52 | . . . 12 . 4 4 12 11 5 4 Fire 256 | 12 . 8 28 6 24 7 32 27 94 18 Melee 12 | . . 2 1 . . 4 5 . . . Ram 2 | . . . . . . . . . . 2 Kick 11 | . . . 1 . . 6 2 . 2 . Crush . | . . . . . . . . . . . Escape Stasis 36 | . . . . . 25 . . 10 . 1 Rewire 226 | . . . . . 9 215 . 2 . . Trap . | . . . . . . . . . . . Miscellaneous . | . . . . . . . . . . . Route ------- -11/Scrapyard -10/Materials -10/Mines -9/Materials (discovered 5 exits: *Mat x3 / [*Min] / *Sto) -9/Storage -9/Garrison (discovered 3 exits: *Rec x3) -9/Recycling -7/Factory (discovered 3 exits: [*Fac] / [*Low] / Gar) -7/Garrison (discovered 3 exits: *Fac x3) -7/Factory (discovered 2 exits: [*Fac] / Gar) -7/Garrison History --------- Turn | Location | Event 9 | -11/Scrapyard | Discovered new exit (range 15) 136 | -11/Scrapyard | Entered Materials 154 | -10/Materials | Identified exit to Mines 190 | -10/Materials | Entered Mines 308 | -10/Mines | Build established: Mutant 361 | -10/Mines | Assisted by bots powering up and referring to "LRC-V3" 372 | -10/Mines | Learned 2 Materials zone layouts 399 | -10/Mines | Learned 2 Materials zone layouts 408 | -10/Mines | Met a Derelict who couldn't figure out how to use a Trap Extractor 418 | -10/Mines | System corruption reached 10% 1049 | -10/Mines | Learned location of Zion (-6) 1093 | -10/Mines | Discovered new exit (range 7) 1112 | -10/Mines | Entered Materials 1112 | -9/Materials | Accompanied by 3 allies 1112 | -9/Materials | Evolved 2 slots: Propulsion x1, Weapon x1 1113 | -9/Materials | Identified exit to Materials 1322 | -9/Materials | Discovered new exit (range 14) 1434 | -9/Materials | Build established: Gunner 1483 | -9/Materials | Central database locked down 1734 | -9/Materials | Build established: Tank 1861 | -9/Materials | Discovered new exit (range 13) 1943 | -9/Materials | Entered Storage 1961 | -9/Storage | Garrison activated, responded to threat 2030 | -9/Storage | Identified exit to Garrison 2030 | -9/Storage | Entered Garrison 2052 | -9/Garrison | Triggered checkpoint 2100 | -9/Garrison | Triggered checkpoint 2167 | -9/Garrison | Garrison Relay disabled 2306 | -9/Garrison | Triggered checkpoint 2357 | -9/Garrison | Discovered new exit (range 13) 2442 | -9/Garrison | Triggered checkpoint 2474 | -9/Garrison | Garrison Relay disabled 2562 | -9/Garrison | Triggered checkpoint 2612 | -9/Garrison | Discovered new exit (range 43) 2612 | -9/Garrison | Discovered new exit (range 49) 2612 | -9/Garrison | Discovered new exit (range 12) 2687 | -9/Garrison | Installed Relay Interface Framework 2720 | -9/Garrison | Triggered checkpoint 2812 | -9/Garrison | Triggered checkpoint 2831 | -9/Garrison | Expanded RIF knowledge: Alert ID Control 2847 | -9/Garrison | Garrison Relay disabled 2879 | -9/Garrison | Garrison Relay disabled 2970 | -9/Garrison | Entered Recycling 2970 | -9/Recycling | Accompanied by 1 ally 3081 | -9/Recycling | Discovered new exit (range 16) 3121 | -9/Recycling | P-60 Hacker assimilated allied Defender 2a 3469 | -9/Recycling | Scanned before Scraplab entrance 3479 | -9/Recycling | Build established: Commander-Mutant 4144 | -9/Recycling | Entered Factory 4144 | -7/Factory | Accompanied by 19 allies 4144 | -7/Factory | Evolved 4 slots: Propulsion x2, Utility x1, Weapon x1 4446 | -7/Factory | Build established: Commander-Tank 4544 | -7/Factory | Search patrols dispatched 4581 | -7/Factory | Lost 3 allies 4594 | -7/Factory | Discovered new exit (range 9) 4858 | -7/Factory | Discovered new exit (range 4) 4993 | -7/Factory | Lost 8 allies 5003 | -7/Factory | Lost 3 parts (1p1n1u) 5229 | -7/Factory | Build established: Commander-Gunner 5342 | -7/Factory | Identified exit to Garrison 5357 | -7/Factory | Entered Garrison 5357 | -7/Garrison | Warlord forces raided the area 5357 | -7/Garrison | Accompanied by 7 allies 5386 | -7/Garrison | Phase Generator disabled 5420 | -7/Garrison | Garrison Relay disabled 5477 | -7/Garrison | Triggered checkpoint 5525 | -7/Garrison | Triggered checkpoint 5537 | -7/Garrison | Triggered checkpoint 5541 | -7/Garrison | Expanded RIF knowledge: Threat Obfuscation 5543 | -7/Garrison | Triggered checkpoint 5557 | -7/Garrison | Garrison Relay disabled 5591 | -7/Garrison | Triggered checkpoint 5693 | -7/Garrison | Discovered new exit (range 14) 5735 | -7/Garrison | Warlord forces retreated 5766 | -7/Garrison | Identified exit to Factory 5811 | -7/Garrison | Triggered checkpoint 5861 | -7/Garrison | Lost 5 allies 5868 | -7/Garrison | Garrison Relay disabled 6065 | -7/Garrison | Build established: Bothacker-Gunner 6128 | -7/Garrison | Discovered exit to Factory (range 7) 6235 | -7/Garrison | Triggered checkpoint 6277 | -7/Garrison | Garrison Relay disabled 6412 | -7/Garrison | Discovered exit to Factory (range 11) 6457 | -7/Garrison | Triggered checkpoint 6464 | -7/Garrison | Garrison Relay disabled 6526 | -7/Garrison | Entered Factory 6526 | -7/Factory | Accompanied by 3 allies 6610 | -7/Factory | Build established: Bothacker-Tank 6933 | -7/Factory | Build established: Bothacker-Gunner 7516 | -7/Factory | Discovered new exit (range 8) 7570 | -7/Factory | Central database locked down 8417 | -7/Factory | Identified exit to Garrison 8417 | -7/Factory | Entered Garrison 8457 | -7/Garrison | Triggered checkpoint 8493 | -7/Garrison | Garrison Relay disabled 8557 | -7/Garrison | Triggered checkpoint 8586 | -7/Garrison | Core integrity fell below 50% 8606 | -7/Garrison | System corruption reached 10% 8619 | -7/Garrison | Released all parts (6) 8622 | -7/Garrison | Core integrity fell below 20% 8629 | -7/Garrison | Destroyed by S-27 Virus with Autogun Last Messages --------------- 08604_ C-30 ARC bursts open, deploying its payload. 08604_ H-55 Commando unfolds itself. 08605_ Critical hit (Destroy). 08607_ Plasma Cannon destroyed. 08613_ Biometal Leg destroyed. 08616_ RUNNV/FB|:BUQCYMLV5 MZFH,T&9IYWJVTO, 08617_ S-27 Virus knocked back. 08618_ Adv. Assault Cannon destroyed. 08619_ Slug penetrates Wall. 08619_ Released Hrd. Light Armor Plating. 08619_ Released Imp. Heat Sink. 08619_ Released Imp. Titanium Leg. 08619_ Released Lrg. Storage Unit. 08619_ Released Lgt. Armored Exoskeleton+. 08619_ Released Lgt. Antimatter Reactor. 08625_ Slammed into P-60 Hacker. 08627_ Slammed into S-27 Virus. 08629_ Triggered Stasis Trap. 08629_ A bubble of rippling energy engulfs the area. 08629_ Field strength at 94. Map ----- +----------------------------------------------------+ | ??????????????????# #??????# #?????????????????? | | ??????????????????# #??????# #?????????????????? | | ??????????????????# #?????## ##""""## ##??????? | | ??????????????????# ####### #??????? | | ??????????????????# ^ ?????? | | ??????????????????# ^ ?????? | | ??????????????????########## ## ## ##?????? | | ?????????????????????????### ## ## #??????? | | ?????????????????????????? % "??????? | | ?????????????????????????? = "??????? | | ??????????????????????????? % "??????? | | ???????????????????????????% "??????? | | ???????????????????????????# [ ## ## #??????? | | ??????????????????########## ## " ## #??????? | | ??????????????????#=!* %*%*%= "%" #??????? | | ??????????????????#==%= =]%= " #??????? | | ??????????????????#!!#######% #??????? | | ??????????????????#=!#?????# ##""""## #??????? | | ??????????????????#!!#?????# #?????????????????? | | ??????????????????#|!#?????# #?????????????????? | | ??????????????????#!!####### #?????????????????? | | ??????????????????# * / #?????????????????? | | ??????????????????# ####### #?????????????????? | | ??????????????????# #?????# #?????????????????? | | ?????????????????########### #?????????????????? | | ?????????? p @ s #?????????????????? | | ?????????? s #?????????????????? | | ?????????? #?????????????????? | | ???????????#####################?????????????????? | | ?????????????????????????????????????????????????? | | ?????????????????????????????????????????????????? | | ?????????????????????????????????????????????????? | | ?????????????????????????????????????????????????? | | ?????????????????????????????????????????????????? | | ?????????????????????????????????????????????????? | | ?????????????????????????????????????????????????? | | ?????????????????????????????????????????????????? | | ?????????????????????????????????????????????????? | | ?????????????????????????????????????????????????? | | ?????????????????????????????????????????????????? | | ?????????????????????????????????????????????????? | | ?????????????????????????????????????????????????? | | ?????????????????????????????????????????????????? | | ?????????????????????????????????????????????????? | | ?????????????????????????????????????????????????? | | ?????????????????????????????????????????????????? | | ?????????????????????????????????????????????????? | | ?????????????????????????????????????????????????? | | ?????????????????????????????????????????????????? | | ?????????????????????????????????????????????????? | +----------------------------------------------------+ Best States ------------- Heat Dissipation 48 Energy Generation 21 Energy Capacity 290 Matter Stores 300 Matter Capacity 300 Sight Range 16 Terrain Scan Range 16 Terrain Scan Density 10 Armor Coverage 225 Resistance: KI 30 Resistance: EM 25 Evasion (%) 55 Relay Coupler Types 1 Relay Coupler Value 25 Authchip Count 1 Item Schematics ----------------- Plasma Cutter | -9/Recycling | Hacked Robot Schematics ------------------ None Fabricated ------------ Nothing Repaired ---------- Nothing Studied --------- EM Shotgun | -9/Materials | Hacked Lgt. Armored Exoskeleton | -7/Factory | Hacked Alien Tech Used ----------------- None Achievements -------------- Not Today, Chutes Challenges ------------ None Game ------ Seed ZipHackingJetlance Manual? 0 Play Time 01:14:09 Cumulative 390.7 hours Start 2025.11.08 @ 18:21:17 End 2025.11.09 @ 12:29:07 Sessions 3 Manual Loads 0 Difficulty Rogue Special Mode None Game No. 167 Rogue 96 Adventurer 68 Explorer 3 Win Type - Total 33 Types 19/2/3/4/3/0/0/0/0/2 Lore% 78 Gallery% 76 Achievement% 53 Wizard Run 0 Options --------- Layout 0 ASCII 0 Keyboard 0 Movement Numpad Keybinds 0 Fullscreen 1 Font 24/Smallcaps Map View 76x50 Zoom Use 0% Tactical HUD 1 Map Filters NONE Filters NONE Steam 1 RUN: 0df736c5-a40a-48b1-9fe8-13ac2096da78